 Dungeon Crawl Stone Soup version 0.29.1-12-g30fa7ad0bf (webtiles) character file.

Game seed: 16245155200239039843

17710 croobank the Shield-Bearer (level 12, -3/91 HPs)
             Began as a Demonspawn Conjurer on Dec 29, 2022.
             Was an Initiate of Gozag.
             Slain by an ice devil (17 damage)
             ... in an ice cave.
             The game lasted 00:51:35 (15956 turns).

croobank the Shield-Bearer (Demonspawn Conjurer)   Turns: 15956, Time: 00:51:36

Health: -3/91      AC: 15    Str:  7    XL:     12   Next: 21%
Magic:  0/22       EV: 18    Int: 23    God:    Gozag
Gold:   1725       SH:  0    Dex: 14    Spells: 4/25 levels left

rFire   . . .      SeeInvis .   y - +3 short sword (drain)
rCold   . . .      Faith    .   (no shield)
rNeg    . . .      Spirit   .   K - +2 robe {Will+}
rPois   .          Reflect  .   u - +0 helmet "Forget-Me-Not" {rElec Will+ Regen+}
rElec   +          Harm     .   t - +0 cloak
rCorr   .          Rampage  .   B - +2 pair of gloves
Will    ++...                   h - +2 pair of boots {Stlth+}
Stlth   ++++......              d - amulet of regeneration
HPRegen 1.85/turn               I - ring of flight
MPRegen 0.18/turn               H - +4 ring of evasion

@: mighty, flying
A: claws 1, yellow scales 2, demonic guardian 1, powered by pain 2
a: Renounce Religion, Potion Petition, Call Merchant, Bribe Branch


You were in an ice cave.
You worshipped Gozag.
Gozag was most pleased with you.
You visited 1 branch of the dungeon, and saw 11 of its levels.
You also visited: Ice Cave.

You collected 1833 gold pieces.
You paid 108 gold pieces to Gozag.

Inventory:

Hand Weapons
 f - a +0 long sword
 n - a +0 short sword of venom
 r - a +0 war axe
 y - a +3 short sword of draining (weapon)
 J - a +4 scimitar
Missiles
 g - 33 poisoned darts (quivered)
 j - 121 stones
 G - 16 boomerangs
Armour
 h - a +2 pair of boots of stealth (worn)
 t - a +0 cloak (worn)
 u - the +0 helmet "Forget-Me-Not" (worn) {rElec Will+ Regen+}
   (You acquired it on level 7 of the Dungeon)

   rElec:     It insulates you from electricity.
   Regen:     It increases your rate of health regeneration.
   Will:      It increases your willpower.
 w - a +0 kite shield
 B - a +2 pair of gloves (worn)
 K - a +2 robe of willpower (worn)
Magical Staves
 q - a staff of conjuration
Jewellery
 d - an amulet of regeneration (around neck)
 H - a +4 ring of evasion (right hand)
 I - a ring of flight (left hand)
Wands
 a - a wand of polymorph (3)
 o - a wand of paralysis (14)
 v - a wand of digging (4)
 D - a wand of flame (28)
Scrolls
 c - 2 scrolls of noise
 e - 5 scrolls of blinking
 k - 2 scrolls of vulnerability
 s - 3 scrolls of teleportation
 E - a scroll of poison
 O - a scroll of enchant weapon
Potions
 b - 4 potions of mutation
 i - 2 potions of might
 l - 5 potions of lignification
 m - 2 potions of haste
 p - 2 potions of brilliance
 x - 4 potions of ambrosia
 z - 2 potions of curing
 A - a potion of attraction
 F - 3 potions of heal wounds
 L - a potion of invisibility
 M - a potion of cancellation {unknown}
Miscellaneous
 N - a tin of tremorstones (2/2)


   Skills:
 + Level 7.0 Fighting
 + Level 6.0 Dodging
 + Level 6.7 Stealth
 - Level 7.9 Shields
 + Level 7.2 Spellcasting
 + Level 7.5 Conjurations
 - Level 5.0 Hexes
 + Level 3.6 Translocations
 * Level 0.1 Fire Magic
 + Level 3.6 Air Magic
 - Level 4.0 Poison Magic


You had 4 spell levels left.
You knew the following spells:

 Your Spells              Type           Power      Damage    Failure   Level
a - Magic Dart            Conj           100%       1d8       1%          1
b - Searing Ray           Conj           86%        2d7       1%          2
c - Dazzling Flash        Conj/Hex       74%        N/A       1%          3
d - Mephitic Cloud        Conj/Pois/Air  31%        N/A       2%          3
e - Iskenderun's Mystic   Conj/Tloc      34%        2d8       8%          4
f - Fulminant Prism       Conj/Hex       18%        3d11      5%          4
g - Sticky Flame          Conj/Fire      25%        2d5       16%         4

Your spell library contained the following spells:

 Spells                   Type           Power      Damage    Failure   Level
 Static Discharge         Conj/Air       34%        3-8/arc   1%          2
 Call Imp                 Summ           8%         N/A       12%         2
 Airstrike                Air            12%        2d(2-18)  17%         4
 Summon Lightning Spire   Summ/Air       16%        N/A       34%         4
 Dispel Undead            Necr           8%         3d8       58%         4
 Lightning Bolt           Conj/Air       17%        1d31      22%         5


Dungeon Overview and Level Annotations

Branches:
Dungeon (11/15)            Temple (0/1) D:6           IceCv (1/1)
   Lair: D:8-11         Orc: D:9-12

Altars:
Dithmenos
Gozag
Hepliaklqana
Kikubaaqudgha
Makhleb
Nemelex Xobeh
Okawaru
Qazlal
Sif Muna
Trog
Wu Jian
Xom
Yredelemnul

Shops:
D:3 =   D:7 [

Annotations:
D:10 1 runed translucent door, croobank's ghost, novice OgAr IceCv exclusion: 2 ice statues


Innate Abilities, Weirdness & Mutations

You have sharp fingernails.
You are mostly covered in yellow scales. (AC +3)
A weak demonic guardian rushes to your aid.
You sometimes gain power by taking damage.


Message History

You hit the ice devil but do no damage.
The ice devil is moderately wounded.
The ice devil hits you but does no damage.
You barely miss the ice devil.
The ice devil is moderately wounded.
The ice devil barely misses you.
You closely miss the ice devil.
The ice devil is moderately wounded.
The ice devil barely misses you.
You hit the ice devil but do no damage.
The ice devil is moderately wounded.
The ice devil barely misses you.
You hit the ice devil.
The ice devil is moderately wounded.
The ice devil hits you! The ice devil freezes you!
Casting: Searing Ray (safe; 1% risk of failure)
Confirm with . or Enter, or press ? or * to list all spells.
Aiming: Sticky Flame (dangerous; 16% risk of failure)
Press: ? - help, Shift-Dir - straight line, f/p - ice devil
Aim: an ice devil (moderately wounded, 100% to hit)
The sticky flame hits the ice devil!
The ice devil is burned terribly!
The ice devil is heavily wounded.
The ice devil is covered in liquid flames!
The ice devil burns!
The ice devil barely misses you.
You barely miss the ice devil.
The ice devil is severely wounded.
The ice devil burns!
The ice devil completely misses you.
You completely miss the ice devil.
The ice devil is severely wounded.
The ice devil burns!
The ice devil hits you. The ice devil freezes you!!
You focus on the pain.
You feel very mighty all of a sudden. The ice devil hits you.
The ice devil freezes you!
* * * LOW HITPOINT WARNING * * *
The ice devil burns!
The ice devil attacks as you move away! The ice devil hits you!
* * * LOW HITPOINT WARNING * * *
The ice devil freezes you!
You die...
Your body crumbles into a pile of gold.

#### .....##
.......## ........#
........8 ####
........########..##
.........##..##....##
....................#
4.⌠.....4@......∩∩..#
...........##.......#
.........######....##
........## ##..##
........8 ####
........# .......##
.....## ####


You could see an ice devil (burning).

Vanquished Creatures
  A two-headed ogre (D:11)
  2 gargoyles (D:10)
  2 rime drakes (D:11)
  A troll (D:8)
  A vampire (D:10)
  2 wyverns
  19 yaks
  3 steam dragons
  A death yak simulacrum (IceCv)
  Menkaure (D:5)
  3 orc warriors
  An ice beast (D:5)
  4 black bears
  A sky beast (D:7)
  2 ogres
  5 centaurs
  A phantom (D:6)
  A bullfrog (D:8)
  4 kobold brigands
  Blork the orc (D:5)
  A gnoll sergeant (D:9)
  2 necrophages (D:6)
  A scorpion (D:5)
  A cane toad simulacrum (IceCv)
  8 killer bees
  2 howler monkeys
  5 jellies
  3 orc priests
  5 hounds
  A gnoll bouda (D:6)
  Ijyb (D:5)
  5 orc wizards
  2 spriggan simulacra (IceCv)
  An iguana (D:4)
  7 gnolls
  9 adders
  A white imp (IceCv)
  2 ufetubi
  2 dart slugs
  26 orcs
  8 ball pythons
  7 endoplasms
  3 giant cockroaches
  12 goblins
  12 hobgoblins
  23 kobolds
  A quokka (D:1)
  5 bats
  3 frilled lizards
  5 rats
220 creatures vanquished.

Vanquished Creatures (others)
  A troll (D:10)
  A killer bee (D:10)
  3 fulminant prisms (IceCv)
5 creatures vanquished.

Grand Total: 225 creatures vanquished

Notes
Turn   | Place    | Note
-------+----------+-------------------------------------------
     0 | D:1      | croobank the Demonspawn Conjurer began the quest for the
                  | Orb.
     0 | D:1      | Reached XP level 1. HP: 13/13 MP: 3/3
   271 | D:1      | Gained mutation: You are partially covered in yellow
                  | scales. (AC +2) [demonic ancestry]
   271 | D:1      | Reached XP level 2. HP: 2/19 MP: 0/5
   937 | D:1      | Learned a level 2 spell: Searing Ray
   983 | D:1      | Reached XP level 3. HP: 24/24 MP: 3/6
  1458 | D:1      | Learned a level 3 spell: Dazzling Flash
  2767 | D:3      | Gained mutation: You are mostly covered in yellow scales.
                  | (AC +3) [demonic ancestry]
  2767 | D:3      | Reached XP level 4. HP: 26/31 MP: 1/7
  2841 | D:3      | Found a faded altar of an unknown god.
  2941 | D:3      | Reached skill level 1 in Fighting
  3105 | D:3      | Reached skill level 1 in Hexes
  3304 | D:3      | Found an ornate altar of the Wu Jian Council.
  3368 | D:3      | Found a faded altar of an unknown god.
  3372 | D:3      | Found a burning altar of Makhleb.
  3493 | D:3      | Found Wesev's Jewellery Emporium.
  4133 | D:4      | Noticed an ogre
  4140 | D:4      | Killed an ogre
  4141 | D:4      | Reached XP level 5. HP: 38/38 MP: 0/9
  4327 | D:4      | Found a shadowy altar of Dithmenos.
  4373 | D:4      | Noticed a black bear
  4402 | D:4      | Noticed a black bear
  4405 | D:4      | Killed a black bear
  4406 | D:4      | Gained mutation: You have sharp fingernails. [demonic
                  | ancestry]
  4406 | D:4      | Reached XP level 6. HP: 24/46 MP: 7/10
  5038 | D:4      | Found a bloodstained altar of Trog.
  5200 | D:5      | Entered Level 5 of the Dungeon
  5550 | D:5      | Reached skill level 5 in Conjurations
  5550 | D:5      | Gained mutation: You sometimes gain a little power by
                  | taking damage. [demonic ancestry]
  5550 | D:5      | Reached XP level 7. HP: 41/52 MP: 3/11
  5742 | D:5      | Found an opulent altar of Gozag.
  5829 | D:5      | Became a worshipper of Gozag Ym Sagoz the Greedy
  6129 | D:5      | Noticed Blork the orc
  6138 | D:5      | Killed Blork the orc
  6314 | D:5      | Noticed Menkaure
  6319 | D:5      | Killed Menkaure
  6320 | D:5      | Gained mutation: You sometimes gain power by taking damage.
                  | [demonic ancestry]
  6320 | D:5      | Reached XP level 8. HP: 61/61 MP: 8/13
  7031 | D:5      | Noticed Ijyb
  7035 | D:5      | Killed Ijyb
  7205 | D:5      | Found a sparkling altar of Nemelex Xobeh.
  7205 | D:5      | Found an iron altar of Okawaru.
  7215 | D:5      | Found a stormy altar of Qazlal.
  7217 | D:5      | Found a faded altar of an unknown god.
  7759 | D:6      | Found a staircase to the Ecumenical Temple.
  7900 | D:6      | Reached skill level 5 in Fighting
  8614 | D:6      | Found an ancient bone altar of Kikubaaqudgha.
  8828 | D:7      | HP: 2/62 [steam dragon/ball of steam (17)]
  8830 | D:7      | Reached XP level 9. HP: 1/68 MP: 5/15
  9067 | D:7      | Reached skill level 5 in Stealth
  9303 | D:6      | Learned a level 3 spell: Mephitic Cloud
  9348 | D:6      | Learned a level 4 spell: Iskenderun's Mystic Blast
  9764 | D:7      | Found Dechuer's Armour Boutique.
 10039 | D:7      | Identified 4 scrolls of acquirement
 10040 | D:7      | Acquired an amulet of regeneration
 10048 | D:7      | Acquired a +2 pair of boots of stealth
 10060 | D:7      | Acquired a staff of conjuration
 10062 | D:7      | Acquired the +0 helmet "Forget-Me-Not" {rElec Will+ Regen+}
 10124 | D:8      | Noticed a troll
 10160 | D:8      | Killed a troll
 10161 | D:8      | Reached skill level 5 in Spellcasting
 10161 | D:8      | Reached skill level 1 in Translocations
 10161 | D:8      | Reached skill level 1 in Air Magic
 10161 | D:8      | Reached skill level 1 in Poison Magic
 10693 | D:9      | Reached skill level 5 in Dodging
 10693 | D:9      | Reached skill level 5 in Hexes
 10958 | D:8      | Reached XP level 10. HP: 66/76 MP: 2/18
 11772 | D:8      | Found a shimmering blue altar of Sif Muna.
 13498 | D:10     | Entered Level 10 of the Dungeon
 13535 | D:10     | Noticed a gargoyle
 13555 | D:10     | Killed a gargoyle
 13658 | D:10     | Noticed a gargoyle
 13689 | D:10     | Killed a gargoyle
 13942 | D:10     | Found a runed translucent door.
 13943 | D:10     | Noticed croobank's ghost (novice OgAr)
 13944 | D:10     | Noticed a deep elf pyromancer
 14394 | D:10     | Found a hazy altar of Hepliaklqana.
 14476 | D:10     | Found a basalt altar of Yredelemnul.
 14508 | D:10     | Found a shimmering altar of Xom.
 15182 | D:11     | Noticed a two-headed ogre
 15198 | D:11     | Killed a two-headed ogre
 15199 | D:11     | Reached XP level 11. HP: 83/83 MP: 1/21
 15531 | D:11     | Found a frozen archway.
 15557 | IceCv    | Entered an ice cave
 15770 | IceCv    | Learned a level 4 spell: Fulminant Prism
 15777 | IceCv    | Learned a level 4 spell: Sticky Flame
 15943 | IceCv    | Gained mutation: A weak demonic guardian rushes to your
                  | aid. [demonic ancestry]
 15943 | IceCv    | Reached XP level 12. HP: 56/91 MP: 2/22
 15956 | IceCv    | Slain by an ice devil

Illustrated notes

Levels and vault maps discovered:
D:1:      lightli_iron_boxes, layout_basic
D:2:      layout_loops_cross, minmay_between
D:3:      layout_basic, general_overflow_altar,
          nicolae_overflow_ecumenical_swirl, serial_shops,
          nicolae_shop_hallway_stairs, shapermc_ecumenical_altar_mp_ritualfount,
          serial_glass, glass_columns_b, glass_columns_b, item_on_display_a,
          due_unseen_surprise, minmay_strange_pillars, feat_on_display,
          st_stairs_11
D:4:      layout_loops_ring, trog_ov_bears_minmay,
          lemuel_coloured_pillars_altar, serial_glass, glass_columns_a,
          glass_columns_a
D:5:      layout_layer_cave, nicolae_gozag_cash_rules_everything_around_me,
          chequers_temple_overflow_minitemple, uniq_ijyb, uniq_blork_the_orc,
          uniq_menkaure
D:6:      layout_basic, amcnicky_altar_gilded, minmay_temple_entry_purple_smoke,
          minmay_starry_boxes
D:7:      layout_rooms, serial_shops, nicolae_lakefront_shop,
          reono_crystal_passage
D:8:      layout_gridville, lemuel_blue_sif_altar, serial_rivers,
          chequers_serial_rivers_large_b, chequers_serial_rivers_large_a,
          chequers_serial_rivers_room_a, chequers_serial_rivers_micro_c,
          chequers_serial_rivers_micro_e
D:9:      layout_layer_cave, serial_rivers, chequers_serial_rivers_micro_c,
          chequers_serial_rivers_small_3, chequers_serial_rivers_micro_c,
          chequers_serial_rivers_room_b
D:10:     layout_gridville, kennysheep_little_box,
          mainiacjoe_overflow_big_doors, mainiacjoe_overflow_surrounded_room,
          ebering_ghost_inner_flame
D:11:     layout_layer_cave, david_lair_generic, portal_ice_cave_rime,
          gauntlet_entry_generic, minmay_guarded_unrand_variability
IceCv:    ice_cave_tombish

Skill      XL: |  1  2  3  4  5  6  7  8  9 10 11 |
---------------+----------------------------------+-----
Dodging        | 2 3 4 5 6 |  6.0
Stealth        | 2 3 4 5 6 |  6.7
Fighting       | 2 3 4 5 6 7 |  7.0
Hexes          | 1 2 3 4 5 |  5.0
Spellcasting   | 3 4 5 7 |  7.2
Conjurations   | 5 6 7 |  7.5
Translocations | 2 3 |  3.6
Air Magic      | 2 3 |  3.6
Poison Magic   | 2 3 4 |  4.0
Shields        | 7 |  7.9
Fire Magic     | |  0.1

Action                   |  1- 3 |  4- 6 |  7- 9 | 10-12 || total
-------------------------+-------+-------+-------+-------++-------
Melee: Short sword       |    30 |    29 |    91 |   164 ||   314
       Staff             |       |       |   104 |    14 ||   118
       Punch             |       |       |     6 |     1 ||     7
Throw: Dart              |     2 |       |       |       ||     2
 Cast: Magic Dart        |    47 |    24 |    53 |     7 ||   131
       Searing Ray       |    20 |    25 |    53 |    42 ||   140
       Dazzling Flash    |       |       |    12 |     7 ||    19
       Mephitic Cloud    |       |       |    12 |    11 ||    23
       Iskenderun's Myst |       |       |     9 |    13 ||    22
       Fulminant Prism   |       |       |       |     3 ||     3
       Sticky Flame      |       |       |       |     1 ||     1
Evoke: Wand              |       |       |       |     3 ||     3
  Use: Potion            |       |     1 |     2 |     1 ||     4
       Scroll            |       |       |    20 |     8 ||    28
 Stab: Sleeping          |     2 |       |     3 |     5 ||    10
       Invisible         |       |       |     7 |     8 ||    15
       Confused          |       |       |     7 |    10 ||    17
Armor: Robe              |    12 |    46 |   143 |    80 ||   281
Dodge: Dodged            |    16 |    59 |   303 |   299 ||   677
